 Dungeon Crawl Stone Soup version 0.25-a0-474-ga8a2ee3166 (webtiles) character file.

Game seed: 6585180584954955728, levelgen mode: deterministic

1208 vurker the Gusty (level 8, -10/34 HPs)
             Began as a Felid Air Elementalist on Feb 7, 2020.
             Was a Follower of Vehumet.
             Mangled by a crocodile (18 damage)
             ... on level 7 of the Dungeon.
             The game lasted 00:15:20 (11213 turns).

vurker the Gusty (Felid Air Elementalist)          Turns: 11213, Time: 00:15:21

Health: -10/34     AC:  2    Str:  4    XL:     8   Next: 21%
Magic:  5/28       EV: 20    Int: 19    God:    Vehumet [*.....]
Gold:   509        SH:  0    Dex: 17    Spells: 10/20 levels left
                                        Lives:  0   Deaths: 2

rFire    . . .     SeeInvis +   (weapon unavailable)
rCold    . . .     Gourm    .   (shield unavailable)
rNeg     . . .     Faith    .   (armour unavailable)
rPois    +         Spirit   .   (helmet unavailable)
rElec    .         Reflect  .   (cloak unavailable)
rCorr    .         Harm     .   (gloves unavailable)
MR       +....                  (boots unavailable)
Stlth    +++.......             (no amulet)
HPRegen  0.11/turn              d - ring of poison resistance
MPRegen  0.21/turn              o - ring of magical power

@: quick
A: very small, no armour, no weapons or thrown items, stealth, claws 1, fangs 3,
see invisible, carnivore, speed 1, shaggy fur 2, slow metabolism 1, sharp paws
a: Renounce Religion


You were on level 7 of the Dungeon.
You worshipped Vehumet.
Vehumet was aware of your devotion.
You were full.

You visited 2 branches of the dungeon, and saw 8 of its levels.

You collected 509 gold pieces.

Inventory:

Jewellery
 c - an uncursed ring of flight
   (You found it on level 5 of the Dungeon)
 d - a ring of poison resistance (left paw)
   (You found it on level 1 of the Dungeon)
 l - an uncursed ring of resist corrosion
   (You found it on level 2 of the Dungeon)
 o - a ring of magical power (right paw)
   (You found it on level 7 of the Dungeon)
Wands
 s - a wand of scattershot (3)
   (You took it off a gnoll on level 7 of the Dungeon)
Scrolls
 b - 3 scrolls of teleportation
 g - 3 scrolls of remove curse
 h - 3 scrolls of blinking
 k - a scroll of identify
Potions
 a - 3 potions of flight
 f - a potion of agility {unknown}
 i - a potion of mutation {unknown}
 j - 4 potions of curing
 m - a potion of berserk rage {unknown}
 n - 2 potions of lignification {unknown}
 p - a potion of magic {unknown}
 q - a potion of brilliance
 r - a potion of haste
 t - a potion of might {unknown}
Comestibles
 e - 14 rations


   Skills:
 - Level 3.0 Fighting
 - Level 5.0 Dodging
 - Level 5.0 Stealth
 * Level 6.6 Spellcasting
 * Level 6.2 Conjurations
 * Level 6.8 Air Magic
 + Level 3.7 Evocations


You had 10 spell levels left.
You knew the following spells:

 Your Spells              Type           Power        Failure   Level  Hunger
a - Shock                 Conj/Air       ####         1%          1    None
b - Lightning Bolt        Conj/Air       ####......   21%         5    #####..
c - Airstrike             Air            ####......   6%          4    ####...

Your spell library contained the following spells:

 Spells                   Type           Power        Failure   Level  Hunger
 Freeze                   Ice            #...         11%         1    None
 Static Discharge         Conj/Air       ####....     2%          3    ##.....
 Swiftness                Chrm/Air       ###.....     4%          2    None


Dungeon Overview and Level Annotations

Branches:
Dungeon (7/15)             Temple (1/1) D:4

Altars:
Ashenzari
Cheibriados
Elyvilon
Fedhas
Gozag
Kikubaaqudgha
Makhleb
Nemelex Xobeh
Qazlal
Ru
Sif Muna
Trog
Vehumet
Wu Jian
Xom
Yredelemnul
Zin

Annotations:
D:5 3 runed translucent doors, Shadow153's ghost, amateur HuCj
D:7 Harold


Innate Abilities, Weirdness & Mutations

You cannot wear armour.
You are incapable of wielding weapons or throwing items.
Your paws allow you to move quietly. (Stealth)
You have sharp claws.
You have razor-sharp teeth.
You have supernaturally acute eyesight. (SInv)
You are carnivorous and can eat meat at any time.
You cover ground quickly.
You are covered in thick fur. (AC +2)
You have a slow metabolism.
Your sharp claws are effective at attacking unaware monsters.


Message History

You can't see any susceptible monsters within range! (Use Z to cast anyway.) Unknown command.
Prince Ribbit is too close now for your liking.
Aim: Prince Ribbit The air twists around and strikes Prince Ribbit!
Aim: Prince Ribbit (moderately wounded)
The air twists around and strikes Prince Ribbit!
Prince Ribbit blinks! x2
You can't see any susceptible monsters within range! (Use Z to cast anyway.)
You can't see any susceptible monsters within range! (Use Z to cast anyway.) Prince Ribbit is too close now for your liking.
Aim: Prince Ribbit (severely wounded)
The air twists around and strikes Prince Ribbit!
You kill Prince Ribbit!
Vehumet accepts your kill.
Training target 5.0 for Dodging reached!
Your Dodging skill increases to level 5!
Your Conjurations skill increases to level 6!
Found a rapier.
Things that are here:
a +0 giant club; a cursed -3 short sword; a +0 chain mail
Found a ration.
Found a pair of boots and a ration.
Aim: Joseph, wielding a +0 quarterstaff, wearing a +0 leather armour and quivering 20 sling bullets (hasn't noticed you)
The air twists around and strikes Joseph!
Joseph shouts!
A crocodile comes into view.
Joseph unwields a +0 quarterstaff.
Joseph wields a +0 hunting sling.
Joseph shoots a sling bullet.
The sling bullet hits you!
Aim: Joseph, wielding a +0 hunting sling, wearing a +0 leather armour and quivering 19 sling bullets (moderately wounded)
The air twists around and strikes Joseph!
Aim: Joseph, wielding a +0 hunting sling, wearing a +0 leather armour and quivering 19 sling bullets (heavily wounded)
The air twists around and strikes Joseph!
Joseph shoots a sling bullet.
The sling bullet completely misses you.
Aim: Joseph, wielding a +0 hunting sling, wearing a +0 leather armour and quivering 18 sling bullets (severely wounded)
The air twists around and strikes Joseph!
Joseph shoots a sling bullet.
The sling bullet hits you!
Ouch! That really hurt!
* * * LOW HITPOINT WARNING * * *
Aim: Joseph, wielding a +0 hunting sling, wearing a +0 leather armour and quivering 17 sling bullets (almost dead)
The air twists around and strikes Joseph!
You kill Joseph!
Vehumet accepts your kill. Vehumet offers you knowledge of Freeze.
Welcome back to level 8!
The zap hits the crocodile.
The zap misses the crocodile.
The zap hits the crocodile!
The zap hits the crocodile.
The zap hits the crocodile. x2; The crocodile bites you!!
Ouch! That really hurt!
You die...

....# ....# #...#
######### ....##...##
###........
....##.....###..........#
....##....... ..........#
....##......# #.........#
....##......# #.........#
#....#......###.@....)..#
...#.## #.....t#.......
......# #..###.#[......
....#.#####..# #((.......
...##..##....# ###....%..
..........#..# .......
#.........#..# .......
..........#..# .......
..........#..# .%.....


You could see a crocodile.

Vanquished Creatures
  Joseph (D:7)
  Prince Ribbit (D:7)
  Grinder (D:6)
  A water moccasin (D:6)
  A phantom (D:4)
  2 sky beasts (D:6)
  A slave (D:5)
  An orc warrior (D:7)
  4 ogres
  A centaur (D:5)
  3 bullfrogs (D:6)
  A gnoll sergeant (D:6)
  4 scorpions
  A howler monkey (D:2)
  A crimson imp (D:5)
  A quasit (D:6)
  A bullfrog skeleton (D:7)
  3 orc priests
  Crazy Yiuf (D:6)
  2 iguanas
  4 worker ants
  A hound zombie (D:7)
  7 gnolls
  A howler monkey skeleton (D:7)
  11 adders
  3 oozes
  An adder zombie (D:7)
  2 adder skeletons
  7 worms
  5 dart slugs
  4 leopard geckos
  19 orcs
  5 giant cockroaches
  6 goblins
  10 hobgoblins
  12 jackals
  2 quokkas
  2 ball pythons
  5 bats
  7 frilled lizards
  A jackal zombie (D:6)
  9 kobolds
  A leopard gecko skeleton (D:4)
  A quokka zombie (D:6)
  11 rats
169 creatures vanquished.

Vanquished Creatures (others)
  Pikel (D:5)
  An orc (D:6)
2 creatures vanquished.

Grand Total: 171 creatures vanquished

Notes
Turn   | Place    | Note
-------+----------+-------------------------------------------
     0 | D:1      | vurker the Felid Air Elementalist began the quest for the
                  | Orb.
     0 | D:1      | Reached XP level 1. HP: 7/7 MP: 4/4
    83 | D:1      | Reached skill level 1 in Conjurations
   192 | D:1      | Reached XP level 2. HP: 12/12 MP: 4/6
   722 | D:1      | Reached XP level 3. HP: 10/15 MP: 3/7
  1031 | D:1      | Reached skill level 1 in Fighting
  1725 | D:2      | Reached XP level 4. HP: 19/19 MP: 0/9
  2675 | D:2      | Reached XP level 5. HP: 22/22 MP: 6/10
  2784 | D:2      | Learned a level 5 spell: Lightning Bolt
  2789 | D:2      | Learned a level 4 spell: Airstrike
  3838 | D:3      | Found an opulent altar of Gozag.
  4187 | D:3      | Found a shimmering blue altar of Sif Muna.
  4350 | D:3      | Found a burning altar of Makhleb.
  5192 | D:4      | Noticed a phantom
  5212 | D:4      | Killed a phantom
  5212 | D:4      | Gained mutation: You are covered in thick fur. (AC +2)
                  | [Felid growth]
  5212 | D:4      | Reached XP level 6. HP: 26/26 MP: 0/12
  5435 | D:4      | Found an ancient bone altar of Kikubaaqudgha.
  5673 | D:4      | Reached XP level 7. HP: 4/30 MP: 0/14
  6447 | D:4      | Found a staircase to the Ecumenical Temple.
  6457 | Temple   | Entered the Ecumenical Temple
  6490 | Temple   | Became a worshipper of Vehumet
  6836 | D:5      | Entered Level 5 of the Dungeon
  7106 | D:5      | Found a runed translucent gate.
  7223 | D:5      | Found a runed translucent gate.
  7224 | D:5      | Found a runed translucent gate.
  7314 | D:5      | Found a sacrificial altar of Ru.
  7756 | D:5      | Reached skill level 5 in Air Magic
  7946 | D:5      | Noticed Shadow153's ghost (amateur HuCj)
  8133 | D:6      | Reached skill level 1 in Evocations
  8151 | D:6      | Reached XP level 8. HP: 34/34 MP: 3/16
  8278 | D:6      | Reached skill level 5 in Spellcasting
  8480 | D:6      | Found a shattered altar of Ashenzari.
  8533 | D:6      | Noticed Pikel
  8880 | D:6      | Reached * piety under Vehumet
  8880 | D:6      | Offered knowledge of Foxfire by Vehumet.
  9220 | D:6      | Reached skill level 5 in Conjurations
  9439 | D:5      | Killed Pikel
  9439 | D:5      | Reached XP level 9. HP: 31/37 MP: 6/18
  9518 | D:6      | Noticed Grinder
  9521 | D:6      | Killed Grinder
  9957 | D:6      | Found a runed translucent door.
  9958 | D:6      | Noticed Crazy Yiuf
 10048 | D:6      | Reached skill level 5 in Stealth
 10174 | D:6      | Killed Crazy Yiuf
 10691 | D:7      | Noticed Harold
 10703 | D:7      | Noticed Joseph
 10707 | D:7      | Killed from afar by Harold
 10708 | D:7      | Reached XP level 8. HP: -7/34 MP: 11/27
 10916 | D:7      | Identified the +0 robe of Noti {Int+3}
 11024 | D:7      | Killed from afar by Harold
 11025 | D:7      | Reached XP level 7. HP: -9/31 MP: 9/26
 11088 | D:7      | Noticed Prince Ribbit
 11095 | D:7      | Killed Prince Ribbit
 11095 | D:7      | Reached skill level 5 in Dodging
 11207 | D:7      | Killed Joseph
 11207 | D:7      | Offered knowledge of Freeze by Vehumet.
 11207 | D:7      | Reached XP level 8. HP: 8/34 MP: 6/19
 11213 | D:7      | Mangled by a crocodile

Levels and vault maps discovered:
D:1:      psy_arrival_heroes, layout_basic, chequers_serial_rivers_room_b,
          minmay_misc_feat_room, chequers_jeans, minmay_heptomino_o4
D:2:      layout_loops_corners, first_ration
D:3:      layout_loops_ring, nicolae_overflow_hidden_temple,
          nicolae_gozag_cash_rules_everything_around_me, lemuel_round_altar,
          kennysheep_generic_room_12
D:4:      layout_cave_pods, kiku_gazebo_garden_becter,
          minmay_temple_entry_overgrown, grunt_ministairs_8, nrook_campfire
D:5:      layout_basic, nicolae_ru_awakened_eye, gammafunk_ghost_icy
D:6:      layout_loops_ring, cheibrodos_ashenzari_chains,
          cheibrodos_sewer_entry_bend, uniq_grinder, uniq_crazy_yiuf_cottage,
          uniq_pikel
D:7:      hangedman_cross_stitches, layout_basic,
          gammafunk_temple_overflow_statue, uniq_joseph, uniq_harold,
          uniq_prince_ribbit1
Temple:   minmay_temple_bridge_abc

Skill      XL: |  1  2  3  4  5  6  7  8  9 |
---------------+----------------------------+-----
Conjurations   | 1 2 3 6 5 |  6.2
Air Magic      | 3 4 5 6 |  6.8
Fighting       | 1 2 3 |  3.0
Spellcasting   | 3 4 5 6 |  6.6
Stealth        | 3 4 5 |  5.0
Dodging        | 5 4 |  5.0
Evocations     | 1 2 3 |  3.7

Action                   |  1- 3 |  4- 6 |  7- 9 || total
-------------------------+-------+-------+-------++-------
Melee: Unarmed           |    21 |     8 |    20 ||    49
       Bite              |     4 |     1 |     4 ||     9
 Cast: Shock             |    77 |   184 |   197 ||   458
       Airstrike         |       |     3 |    58 ||    61
  Use: Scroll            |       |     1 |    10 ||    11
       Potion            |       |     1 |       ||     1
  Eat: Chunk             |    10 |     8 |    24 ||    42
Armor: Skin              |       |     2 |     5 ||     7
Dodge: Dodged            |    25 |    40 |    52 ||   117

Table legend:
 A = Non-vault XP
 B = Vault XP
 C = Vault XP percentage of total XP
 D = Non-vault monster count
 E = Vault monster count
 F = Vault count percentage of total count
                 A         B        C        D         E       F
            +---------+---------+-------+---------+---------+-------
      Total |    2604 |    1961 |  43.0 |     148 |      21 |  12.4
            +---------+---------+-------+---------+---------+-------
        D:1 |      54 |       5 |   8.5 |      30 |       3 |   9.1
        D:2 |     152 |       0 |   0.0 |      27 |       0 |   0.0
        D:3 |     111 |       4 |   3.5 |      22 |       2 |   8.3
        D:4 |     632 |       4 |   0.6 |      20 |       1 |   4.8
        D:5 |     357 |     593 |  62.4 |      12 |       1 |   7.7
        D:6 |    1057 |     322 |  23.4 |      28 |       5 |  15.2
        D:7 |     241 |    1033 |  81.1 |       9 |       9 |  50.0
            +---------+---------+-------+---------+---------+-------
